Map: [ESL] Waterfall

Players

gumiho - Winner!

  • Race: Terran Terran
  • Spawn Location: 7:00

LiquidClem (Clem)

  • Race: Terran Terran
  • League: Grandmaster
  • Spawn Location: 1:00

Event: HomeStory Cup XXII

VOD

Have the link to the VOD?

Description

Time

  • Played on: Dec. 17, 2022, 5:18 p.m.
  • Length: 3:40

All games in this series

Show
View Real Time Build Order
Export as new Build Order

gumiho Terran - Winner!

Build Orders:  

Get SALT Encoding   

  12  0:00  SCV  
  13  0:12  SCV  
  14  0:17  Supply Depot  
  14  0:24  SCV  
  15  0:38  Barracks  
  15  0:42  Refinery  
  15  0:55  Barracks  
  15  1:00  SCV  
  16  1:12  SCV  
  16  1:13  Refinery  
  17  1:24  SCV  
  18  1:26  Reaper  
  19  1:36  Orbital Command  
  19  1:42  Reaper  
  20  1:57  Supply Depot  
  20  1:58  Reaper  
  21  2:03  SCV  
  22  2:14  Reaper  
  23  2:18  SCV  
  24  2:29  Factory  
  24  2:30  Reaper, SCV  
  26  2:49  Reaper  
  27  2:51  SCV  
  28  3:02  Reaper  
  28  3:05  SCV  
  30  3:10  Supply Depot  
  30  3:12  Factory Tech Lab  
  30  3:17  SCV  
  31  3:40  Command Center  
Show
View Real Time Build Order
Export as new Build Order

LiquidClem Terran 

Build Orders:  

Get SALT Encoding   

  12  0:00  SCV  
  13  0:12  SCV  
  14  0:16  Supply Depot  
  14  0:24  SCV  
  15  0:38  SCV  
  15  0:39  Barracks  
  16  0:43  Refinery  
  16  0:50  SCV  
  16  0:53  Refinery  
  17  1:02  SCV  
  18  1:14  SCV  
  19  1:27  Reaper, Orbital Command  
  19  1:30  Supply Depot  
  20  1:40  Factory  
  20  1:52  SCV  
  21  2:00  Reaper  
  22  2:04  SCV  
  23  2:16  SCV  
  23  2:24  Hellion  
  23  2:28  SCV  
  25  2:30  Supply Depot  
  25  2:32  Reaper  
  25  2:40  SCV  
  23  2:46  Hellion  
  24  2:53  SCV  
  25  3:04  Reaper  
  26  3:08  Hellion  
  26  3:10  SCV  
  29  3:12  Supply Depot  
  29  3:23  SCV  
Tags
 
Matchup
TvT
Race
Terran
Replay Pack
hsc22
Spawn Locations
Cross Positions
Add a new tag
Caveats
  • Supply blocks, unpowered buildings, or Contaminate may cause inaccurate times.
  • Supply counts are checked every 10 seconds.